 Dungeon Crawl Stone Soup version 0.27.1-33-g824d729ab1 (webtiles) character file.

Game seed: 16796277298923271417

3507 Karpo the Geomancer (level 10, -8/60 HPs)
             Began as a Gargoyle Earth Elementalist on Dec 29, 2021.
             Was a Follower of Vehumet.
             Mangled by an orc warrior (12 damage)
             ... on level 9 of the Dungeon.
             The game lasted 00:55:24 (13960 turns).

Karpo the Geomancer (Gargoyle Earth Elementalist)  Turns: 13960, Time: 00:55:25

Health: -8/60      AC: 10    Str: 11    XL:     10   Next: 7%
Magic:  20/20      EV: 12    Int: 20    God:    Vehumet [*.....]
Gold:   627        SH:  0    Dex: 16    Spells: 18/22 levels left

rFire    . . .     SeeInvis .   E - +2 morningstar (venom)
rCold    + . .     Faith    .   (no shield)
rNeg     + . .     Spirit   .   b - +0 robe
rPois    ∞         Reflect  .   u - +1 hat
rElec    +         Harm     .   (no cloak)
rCorr    .         Rampage  .   (no gloves)
Will     .....                  (no boots)
Stlth    ++........             (no amulet)
HPRegen  0.20/turn              A - +6 ring of dexterity
MPRegen  0.17/turn              B - ring of protection from cold

@: hasted, very quick
A: sickness immunity, AC +7, negative energy resistance 1, electricity
resistance, torment resistance 1, petrification resistance
a: Renounce Religion


You were on level 9 of the Dungeon.
You worshipped Vehumet.
Vehumet was aware of your devotion.
You visited 2 branches of the dungeon, and saw 11 of its levels.
You also visited: Sewer.

You collected 627 gold pieces.

Inventory:

Hand Weapons
 d - a +0 whip
 v - a +0 flail
 w - a +2 short sword of venom
 E - a +2 morningstar of venom (weapon)
 L - a +0 dire flail
Missiles
 c - 123 stones
 o - 31 poisoned darts
 z - 2 throwing nets
Armour
 b - a +0 robe (worn)
 p - a +0 tower shield
 u - a +1 hat (worn)
Magical Staves
 x - a staff of fire
 P - a staff of death
Jewellery
 i - a ring of protection from fire
 y - a ring of positive energy
 A - a +6 ring of dexterity (left hand)
 B - a ring of protection from cold (right hand)
 J - a +6 ring of dexterity
Wands
 r - a wand of charming (6)
 G - a wand of digging (6)
 N - a wand of iceblast (8)
 O - a wand of flame (21)
 Q - a wand of mindburst (9)
Scrolls
 e - 5 scrolls of amnesia
 f - 2 scrolls of vulnerability
 g - a scroll of brand weapon {unknown}
 j - 3 scrolls of teleportation
 k - 11 scrolls of identify
 n - a scroll of holy word
 s - 3 scrolls of enchant armour
 D - a scroll of enchant weapon {unknown}
 F - a scroll of silence {unknown}
 H - 2 scrolls of noise
Potions
 a - 2 potions of attraction {unknown}
 h - 2 potions of invisibility {unknown}
 l - 2 potions of degeneration {unknown}
 m - a potion of lignification {unknown}
 q - 2 potions of mutation {unknown}
 t - 6 potions of curing {unknown}
 C - a potion of haste
 I - a potion of flight {unknown}
 K - a potion of ambrosia {unknown}
 M - a potion of heal wounds {unknown}


   Skills:
 + Level 5.7 Fighting
 - Level 2.6 Maces & Flails
 - Level 1.5 Dodging
 - Level 2.1 Stealth
 + Level 6.7 Spellcasting
 + Level 6.7 Conjurations
 - Level 0.7 Transmutations
 + Level 4.2 Fire Magic
 + Level 9.2 Earth Magic


You had 18 spell levels left.
You knew the following spells:

 Your Spells              Type           Power      Damage    Failure   Level
a - Sandblast             Erth           86%        2d18      1%          1
b - Stone Arrow           Conj/Erth      76%        3d11      1%          3

Your spell library contained the following spells:

 Spells                   Type           Power      Damage    Failure   Level
 Shock                    Conj/Air       80%        1d8       2%          1
 Passwall                 Tmut/Erth      21%        N/A       1%          2
 Freeze                   Ice            24%        1d5       10%         1
 Petrify                  Tmut/Erth      26%        N/A       12%         4
 Hailstorm                Conj/Ice       20%        3d6       24%         4
 Frozen Ramparts          Ice            12%        1d3       28%         3
 Irradiate                Conj/Tmut      10%        3d16      50%         5
 Blade Hands              Tmut           4%         N/A       89%         5
 Dragon Form              Tmut           4%         N/A       100%        7


Dungeon Overview and Level Annotations

Branches:
Dungeon (10/15)            Temple (1/1) D:7            Lair (0/6) D:9
  Sewer (visited)
    Orc: D:9-12

Altars:
Ashenzari
Cheibriados
Dithmenos
Elyvilon
Fedhas
Gozag
Hepliaklqana
Kikubaaqudgha
Makhleb
Nemelex Xobeh
Okawaru
Qazlal
Ru
Sif Muna
Trog
Uskayaw
Vehumet
Wu Jian
Xom
Yredelemnul
Zin
The Shining One
Beogh

Shops:
D:1 (   D:2 [   D:4 ?

Annotations:
D:5 Edmund
D:6 3 runed translucent doors, drbonez's ghost, novice MiFi


Innate Abilities, Weirdness & Mutations

You are immune to sickness and miasma.
Your stone body is resilient. (AC +7)
You are immune to poison.
You resist negative energy. (rN+)
You are resistant to electric shocks. (rElec)
You are resistant to unholy torment.
You are immune to petrification.


Message History

The water moccasin bites you but does no damage.
The water moccasin barely misses you.
You hit the water moccasin.
The water moccasin is poisoned.
The water moccasin is heavily wounded.
The water moccasin closely misses you.
You miss the water moccasin.
The water moccasin is severely wounded.
The water moccasin closely misses you. The water moccasin barely misses you.
You hit the water moccasin.
The water moccasin is almost dead.
The water moccasin barely misses you. The water moccasin bites you.
You sock the water moccasin!
You kill the water moccasin!
Vehumet accepts your kill.
The water moccasin completely misses you.
You hit the water moccasin but do no damage.
The water moccasin closely misses you. The water moccasin barely misses you.
You miss the water moccasin. The water moccasin closely misses you.
The water moccasin barely misses you.
You closely miss the water moccasin.
The water moccasin bites you but does no damage.
The orc warrior misses you. The water moccasin closely misses you.
You closely miss the water moccasin. The water moccasin closely misses you.
The orc warrior closely misses you. The water moccasin barely misses you.
The orc warrior hits you from afar with a +0 glaive!
The water moccasin bites you. The water moccasin bites you.
* * * LOW HITPOINT WARNING * * *
The water moccasin barely misses you. The water moccasin closely misses you.
The water moccasin bites you but does no damage.
The water moccasin bites you!
* * * LOW HITPOINT WARNING * * *
There is an open door here.
The water moccasin bites you!
* * * LOW HITPOINT WARNING * * *
You feel yourself speed up.
The water moccasin bites you but does no damage.
The orc warrior hits you from afar with a +0 glaive!
You die...

#...........>.....#
#.................###
#......†D...........#
#...................#
#.....o.............#
#.......###.........#
######o## #.........#
#S# #.........# #@#
#.........# #.#
#.........# #.#
#.........# #.#
########### #.# #.#
#.# #.# #.#


You could see an orc warrior, a water moccasin, an acid dragon and an orc.

Vanquished Creatures
  A troll (D:7)
  Grinder (D:5)
  A wyvern (D:7)
  2 water moccasins
  A sky beast (D:8)
  5 orc warriors
  A black bear (D:4)
  2 ice beasts
  A necrophage (D:5)
  A phantom (D:4)
  3 centaurs
  6 bullfrogs
  3 scorpions
  A killer bee (D:6)
  4 wights (D:7)
  A centaur zombie (D:9)
  A bullfrog zombie (D:6)
  A jelly (D:8)
  A centaur skeleton (D:5)
  3 hounds
  4 orc priests
  2 iguanas
  An orc wizard (D:7)
  8 gnolls
  A howler monkey skeleton (D:5)
  7 adders
  2 white imps
  An ufetubus (D:3)
  4 worms
  A dart slug (D:1)
  28 orcs
  7 bats
  17 endoplasms
  16 giant cockroaches
  6 goblins
  5 hobgoblins
  6 jackals (D:2)
  7 kobolds
  8 quokkas (Sewer)
  17 ball pythons
  17 frilled lizards
  6 rats
211 creatures vanquished.

Vanquished Creatures (others)
  59 fungi
  46 plants (D:9)
  5 toadstools (D:6)
110 creatures vanquished.

Grand Total: 321 creatures vanquished

Notes
Turn   | Place    | Note
-------+----------+-------------------------------------------
     0 | D:1      | Karpo the Gargoyle Earth Elementalist began the quest for
                  | the Orb.
     0 | D:1      | Reached XP level 1. HP: 10/10 MP: 3/3
    74 | D:1      | Found a faded altar of an unknown god.
   431 | D:1      | Found Foumes's Weapon Emporium.
   738 | D:1      | Reached skill level 4 in Earth Magic
   738 | D:1      | Reached XP level 2. HP: 12/15 MP: 0/5
  1082 | D:2      | Found Nitsew's Armour Shop.
  1260 | D:2      | Reached XP level 3. HP: 19/19 MP: 6/6
  2010 | D:2      | Reached XP level 4. HP: 23/24 MP: 8/8
  2382 | D:2      | Reached skill level 5 in Earth Magic
  2759 | D:4      | Found a glowing drain.
  2766 | Sewer    | Entered a sewer
  3027 | Sewer    | Learned a level 3 spell: Stone Arrow
  3355 | Sewer    | Reached XP level 5. HP: 24/28 MP: 7/10
  3698 | Sewer    | Reached skill level 1 in Conjurations
  4222 | Sewer    | Reached XP level 6. HP: 32/32 MP: 6/11
  4251 | Sewer    | Reached skill level 6 in Earth Magic
  4519 | D:3      | Noticed an orc warrior
  5116 | D:3      | Found an ornate altar of the Wu Jian Council.
  5117 | D:3      | Found a glowing golden altar of the Shining One.
  5117 | D:3      | Found an ancient bone altar of Kikubaaqudgha.
  5117 | D:3      | Found a hide-covered altar of Uskayaw.
  5123 | D:3      | Found a burning altar of Makhleb.
  5123 | D:3      | Found an opulent altar of Gozag.
  6290 | D:5      | Entered Level 5 of the Dungeon
  6291 | D:5      | Found a sacrificial altar of Ru.
  6412 | D:4      | Reached XP level 7. HP: 36/36 MP: 5/13
  6856 | D:4      | Found Lurhylacs's Magic Scroll Emporium.
  7711 | D:4      | Reached skill level 1 in Fighting
  7724 | D:4      | Reached skill level 1 in Maces & Flails
  8070 | D:5      | Found a radiant altar of Vehumet.
  8085 | D:5      | Became a worshipper of Vehumet
  8584 | D:5      | Noticed Grinder
  8590 | D:5      | Killed Grinder
  8591 | D:5      | Reached skill level 5 in Spellcasting
  8591 | D:5      | Reached skill level 7 in Earth Magic
  8591 | D:5      | Reached XP level 8. HP: 45/45 MP: 7/15
  8682 | D:6      | Found a runed translucent gate.
  8682 | D:6      | Found a runed translucent gate.
  8682 | D:6      | Found a runed translucent gate.
  8718 | D:5      | Noticed Edmund
  9440 | D:6      | Noticed drbonez's ghost (novice MiFi)
  9741 | D:6      | Reached skill level 1 in Fire Magic
  9857 | D:6      | Reached skill level 5 in Conjurations
 10453 | D:7      | Reached skill level 8 in Earth Magic
 10453 | D:7      | Reached XP level 9. HP: 52/52 MP: 11/17
 10523 | D:7      | Found a staircase to the Ecumenical Temple.
 10942 | D:7      | Noticed a troll
 10947 | D:7      | Killed a troll
 11427 | D:7      | Reached * piety under Vehumet
 11427 | D:7      | Offered knowledge of Shock by Vehumet.
 12562 | D:8      | Reached skill level 5 in Fighting
 12627 | Temple   | Entered the Ecumenical Temple
 13597 | D:10     | Entered Level 10 of the Dungeon
 13644 | D:9      | Reached skill level 9 in Earth Magic
 13857 | D:9      | Reached XP level 10. HP: 59/59 MP: 17/19
 13907 | D:9      | Found a staircase to the Lair.
 13960 | D:9      | Mangled by an orc warrior

Illustrated notes

Levels and vault maps discovered:
D:1:      dpeg_arrival_connections, layout_basic, serial_shops, shop_statue,
          shapermc_ecumenical_altar_notcrosses
D:2:      layout_loops_ring, serial_shops, nicolae_shop_trees,
          minmay_joined_circles
D:3:      layout_basic, minmay_overflow_temple_hex,
          chequers_serial_rivers_small_3
D:4:      black_bear_nest_1, layout_loops_ring, cheibrodos_sewer_entry_drain,
          serial_shops, shop_fountains
D:5:      layout_rooms, nicolae_vehumet_radiance, lemuel_round_altar,
          uniq_grinder, uniq_edmund
D:6:      layout_basic, gammafunk_ghost_icy, minmay_misc_feat_room,
          minmay_gold_behind_fungi, minmay_small_thing
D:7:      layout_cave_pools, minmay_temple_entry_statues, nrook_uturn
D:8:      layout_layer_cave, special_room [special_room_orc]
D:9:      layout_basic, due_lair_maze_entry_diamond
D:10:     layout_long_grid, serial_shops, nicolae_square_shop,
          nicolae_twisting_strands
Temple:   jpeg_temple_clearing

Skill      XL: |  1  2  3  4  5  6  7  8  9 |
---------------+----------------------------+-----
Earth Magic    | 4 5 6 7 8 9 |  9.2
Spellcasting   | 3 4 5 6 |  6.7
Conjurations   | 2 3 4 5 6 |  6.7
Fighting       | 2 3 5 |  5.7
Maces & Flails | 2 |  2.6
Fire Magic     | 2 4 |  4.2
Dodging        | |  1.5
Stealth        | |  2.1
Transmutations | |  0.7

Action                   |  1- 3 |  4- 6 |  7- 9 | 10-12 || total
-------------------------+-------+-------+-------+-------++-------
Melee: Whip              |    99 |   212 |       |       ||   311
       Flail             |       |    18 |    99 |       ||   117
       Morningstar       |       |       |   110 |    16 ||   126
 Cast: Sandblast         |    19 |    57 |    42 |       ||   118
       Stone Arrow       |       |     9 |    55 |     1 ||    65
  Use: Scroll            |       |     1 |     6 |       ||     7
       Potion            |       |     1 |       |     1 ||     2
 Stab: Sleeping          |     2 |     3 |     1 |       ||     6
Armor: Robe              |    36 |   101 |   134 |    12 ||   283
Dodge: Dodged            |    79 |   175 |   182 |    30 ||   466
